 Dungeon Crawl Stone Soup version 0.28-a0-691-gad6df49e81 (webtiles) character file.

Game seed: 2429003717843917892

560 grumblor the Chopper (level 7, -21/64 HPs)
             Began as a Deep Dwarf Berserker on Oct 23, 2021.
             Was a Priest of Trog.
             Killed from afar by Ijyb (35 damage)
             ... with a bolt of acid
             ... on level 4 of the Dungeon.
             The game lasted 00:08:05 (2675 turns).

grumblor the Chopper (Deep Dwarf Berserker)         Turns: 2675, Time: 00:08:07

Health: -21/64     AC: 11    Str: 23    XL:     7   Next: 9%
Magic:  6/6        EV: 13    Int:  7    God:    Trog [***...]
Gold:   96         SH:  0    Dex: 12    Spells: 6/6 levels left

rFire   . . .      SeeInvis .   a - +1 hand axe
rCold   . . .      Faith    +   (no shield)
rNeg    . . .      Spirit   .   b - +0 chain mail
rPois   .          Reflect  .   (no helmet)
rElec   .          Harm     .   (no cloak)
rCorr   .          Rampage  .   (no gloves)
Will    +....                   g - +1 pair of boots
Stlth   ..........              f - amulet of faith
HPRegen 0.00/turn               h - +4 ring of evasion
MPRegen 0.10/turn               (no ring)

@: no status effects
A: damage resistance, heal wounds, sense surroundings 1, no regeneration
a: Heal Wounds, Renounce Religion, Berserk, Trog's Hand


You were on level 4 of the Dungeon.
You worshipped Trog.
Trog was most pleased with you.
You visited 1 branch of the dungeon, and saw 4 of its levels.

You collected 132 gold pieces.
You spent 36 gold pieces at shops.

Inventory:

Hand Weapons
 a - a +1 hand axe (weapon)
Armour
 b - a +0 chain mail (worn)
 g - a +1 pair of boots (worn)
Jewellery
 d - a ring of ice
 f - an amulet of faith (around neck)
 h - a +4 ring of evasion (left hand)
Wands
 k - a wand of paralysis (6) (quivered)
Scrolls
 l - a scroll of teleportation
Potions
 c - a potion of resistance {unknown}
 e - 2 potions of heal wounds
 i - 4 potions of curing
 j - a potion of degeneration {unknown}
 m - a potion of attraction {unknown}
 n - 2 potions of might {unknown}


   Skills:
 * Level 4.2 Fighting
 + Level 6.0 Axes
 * Level 4.2 Armour
 + Level 2.7 Dodging
 * Level 3.5 Evocations


You had 6 spell levels left.
You didn't know any spells.
Your spell library was empty.

Dungeon Overview and Level Annotations

Branches:
Dungeon (4/15)
 Temple: D:4-7

Altars:

Shops:
D:3 *=*

Annotations:
D:4 Ijyb


Innate Abilities, Weirdness & Mutations

You are resistant to damage.
You can heal yourself by infusing magical energy.
You passively map a small area around you.
You do not regenerate.


Message History

The hound skeleton bites you but does no damage.
You barely miss the hound skeleton.
The hound skeleton is heavily damaged.
The hound skeleton barely misses you.
You hit the hound skeleton.
The hound skeleton is severely damaged.
The hound skeleton barely misses you.
The hound skeleton bites you but does no damage.
You slash the hound skeleton!
You destroy the hound skeleton!
Trog accepts your kill.
Your Axes skill increases to level 6!
Menkaure, Prince of Dust comes into view.
Aiming: Paralyse
Press: ? - help, Q - select action, (/) - cycle Shift-Dir - straight line, f - Menkaure
Aim: Menkaure (chance to affect: 56%)
Okay, then.
Aiming: Paralyse
Press: ? - help, Q - select action, (/) - cycle Shift-Dir - straight line, f - Menkaure
Aim: Menkaure (chance to affect: 56%) Menkaure suddenly stops moving!
Unknown command.
Ijyb the Twisted Goblin comes into view.
She is wielding a +0 dagger and carrying a wand of acid (4).
The helpless Menkaure fails to defend himself.
You hit Menkaure but do no damage.
Ijyb shouts!
The helpless Menkaure fails to defend himself.
You hit Menkaure.
Menkaure is moderately damaged.
The helpless Menkaure fails to defend himself.
You slash Menkaure!
Menkaure is heavily damaged.
The helpless Menkaure fails to defend himself.
You slash Menkaure!
You destroy Menkaure!
Trog accepts your kill.
Trog appreciates your killing of a magic user.
Ijyb zaps a wand.
The bolt of acid hits you!!!
Ouch! That really hurt!
You die...

,,,,,*≈≈≈≈≈≈#≈≈.# ##.#
****,**≈*≈≈≈≈#≈.## #..
*,*,,,≈≈≈≈*≈≈#...# ##.
*,,,,,***≈≈##≈...# #.
,,,,,,,,*#≈#.....# ##
,,,*,,,,,........# #
,,,,*****###.....# #
,*,,,***,........## #
,*,,,**,,.......@.### ##
**8,,*,,,...........### ##.
**,,,,,,,.............## ##..
8,8,8,,,,..............### ###..#
,,,,,,,,,...g............###..###
,,8,8,,,,....................## #
**,,,,,,,............#.....### #
*8,,*,,,.......<....##...## ##
*,,,,,,,,.........####..## #.


You could see Ijyb.

Vanquished Creatures
  Menkaure (D:4)
  Edmund (D:4)
  An ogre (D:4)
  A phantom (D:4)
  A scorpion (D:4)
  A gnoll shaman (D:4)
  Jessica (D:3)
  An orc wizard (D:4)
  A hound skeleton (D:4)
  5 gnolls (D:4)
  2 adders
  An ufetubus (D:4)
  2 worms (D:3)
  2 dart slugs
  4 orcs (D:4)
  3 bats
  6 endoplasms
  5 giant cockroaches
  7 goblins
  4 hobgoblins
  3 quokkas
  7 ball pythons
  A frilled lizard (D:1)
  7 kobolds
  7 rats
75 creatures vanquished.

Notes
Turn   | Place    | Note
-------+----------+-------------------------------------------
     0 | D:1      | grumblor the Deep Dwarf Berserker began the quest for the
                  | Orb.
     0 | D:1      | Reached XP level 1. HP: 20/20 MP: 1/1
   156 | D:1      | Reached XP level 2. HP: 18/27 MP: 1/1
   944 | D:2      | Reached XP level 3. HP: 17/34 MP: 2/2
   995 | D:2      | Found a faded altar of an unknown god.
  1036 | D:2      | Reached skill level 4 in Axes
  1132 | D:2      | Reached ** piety under Trog
  1292 | D:3      | Found Kyigaj's Assorted Antiques.
  1455 | D:3      | Found Rauxad's Jewellery Shop.
  1583 | D:3      | Noticed Jessica
  1592 | D:3      | Killed Jessica
  1593 | D:3      | Reached XP level 4. HP: 15/42 MP: 3/3
  1890 | D:3      | Found Roulash's General Store.
  1893 | D:3      | Bought a scroll of teleportation for 36 gold pieces
  2164 | D:4      | Noticed an ogre
  2175 | D:4      | Killed an ogre
  2176 | D:4      | Reached XP level 5. HP: 17/49 MP: 4/4
  2226 | D:4      | Reached skill level 5 in Axes
  2260 | D:4      | Noticed Edmund
  2284 | D:4      | Killed Edmund
  2285 | D:4      | Reached XP level 6. HP: 47/57 MP: 5/5
  2397 | D:4      | Reached *** piety under Trog
  2524 | D:4      | Reached XP level 7. HP: 14/64 MP: 6/6
  2667 | D:4      | Reached skill level 6 in Axes
  2667 | D:4      | Noticed Menkaure
  2671 | D:4      | Noticed Ijyb
  2675 | D:4      | Killed Menkaure
  2675 | D:4      | Killed from afar by Ijyb

Illustrated notes

Levels and vault maps discovered:
D:1:      mrwooster_arrival_statue, layout_loops_ring
D:2:      layout_loops_ring, hellmonk_ecumenical_altar_run_dry,
          corexii_leaking_fountain
D:3:      layout_loops_corners, serial_shops,
          nicolae_shop_competitors_out_of_business, shop,
          nicolae_shop_behind_doors, uniq_jessica
D:4:      layout_cave_pods, serial_column_ruins, column_ruins_hut,
          column_ruins_temple_circle, column_ruins_open_tiny,
          column_ruins_open_small_water, column_ruins_grid_1,
          column_ruins_corridor_plus, column_ruins_corridor_plus, minivault_4,
          nicolae_specific_store, uniq_edmund, uniq_ijyb, uniq_menkaure

Skill      XL: |  1  2  3  4  5  6  7 |
---------------+----------------------+-----
Fighting       | 3 4 |  4.2
Axes           | 4 5 6 |  6.0
Armour         | 3 4 |  4.2
Evocations     | 2 3 |  3.5
Dodging        | |  2.7

Action                   |  1- 3 |  4- 6 |  7- 9 || total
-------------------------+-------+-------+-------++-------
Melee: Hand axe          |   150 |   117 |    11 ||   278
Invok: Trog's Hand       |       |     2 |       ||     2
 Abil: Heal Wounds       |     1 |     1 |       ||     2
Evoke: Wand              |       |     2 |     1 ||     3
  Use: Scroll            |     4 |     2 |       ||     6
 Stab: Paralysed         |       |    16 |     4 ||    20
Armor: Animal skin       |    12 |       |       ||    12
       Chain mail        |    43 |    57 |     2 ||   102
Dodge: Dodged            |   100 |    96 |     6 ||   202

Table legend: (Time is in decaauts)
 A = Elapsed time spent in this place.
 B = Non-inter-level travel time spent in this place.
 C = Inter-level travel time spent in this place.
 D = Time resting spent in this place.
 E = Time spent auto-exploring this place.
 F = Levels seen in this place.
 G = Mean time per level.
                   A        B        C        D        E       F      G
               +--------+--------+--------+--------+--------+-----+--------+
         Total |   2698 |   2619 |     79 |      0 |   1878 |   4 |  674.5 |
       Dungeon |   2698 |   2619 |     79 |      0 |   1878 |   4 |  674.5 |
               +--------+--------+--------+--------+--------+-----+--------+

Top non-repeatable levels by time:
     D:3: 838 daAuts
     D:1: 733 daAuts
     D:2: 566 daAuts
     D:4: 559 daAuts
